AoeStats
← GAX | Urubu

Oasis

509252200Analyzed
4v4 RM · 7d ago on Sep 26, 2026· 40m 57s· 8 players
Game mode
Random Map
Map size
Large (8 player)
Population
200
Speed
Normal
Resources
Standard
Victory
Conquest
Starting age
Dark Age
Ending age
Imperial Age
RankedLock teamsTeams togetherTeam positionsShared explorationLock speedFull tech treeHidden civsTurbo modeCheats
Victory
Defeat
🇮🇳 Tatars · India
1526
+14
🇹🇼 Cumans · Taiwan
1507
+15
🇨🇳 Burgundians · China
1485
+16
🇧🇷 Turks · Brazil
1445
+18
🇧🇷 Mapuche · Brazil
1597
-19
🇧🇷 Italians · Brazil
1532
-18
🇧🇷 Mongols · Brazil
1431
-14
🇧🇷 Goths · Brazil
1397
-12
23
9:27 Feudal Age
10:06 Double-Bit Axe
10:39 Horse Collar
11:19 Loom
18:45 Castle Age
17:25 Gold Mining
18:37 Bloodlines
18:46 Scale Barding Armor
19:24 Forging
21:37 Husbandry
24:22 Chain Barding Armor
25:17 Wheelbarrow
27:23 Bow Saw
27:34 Town Watch
29:45 Iron Casting
29:27 Heavy Plow
30:57 Hand Cart
33:24 Stone Mining
38:56 Imperial Age
39:04 Elite Steppe Lancer
40:36 Plate Barding Armor
41:40 Blast Furnace
acyhjujaxuzjkt
6:28 Loom
9:23 Feudal Age
13:30 Double-Bit Axe
14:15 Fletching
15:00 Padded Archer Armor
16:37 Horse Collar
23:50 Castle Age
24:30 Bodkin Arrow
24:09 Crossbowman
25:18 Bow Saw
25:46 Wheelbarrow
25:13 Heavy Plow
26:15 Ballistics
25:57 Gold Mining
27:21 Gold Shaft Mining
28:28 Hand Cart
29:13 Leather Archer Armor
30:17 Crop Rotation
31:07 Two-Man Saw
35:51 Imperial Age
33:47 Town Watch
36:32 Bracer
37:35 Chemistry
39:44 Stone Mining
PoopMaster
6:52 Loom
7:01 Loom
28:59 Feudal Age
29:44 Double-Bit Axe
30:36 Horse Collar
35:00 Castle Age
34:38 Wheelbarrow
34:50 Gold Mining
39:41 Hand Cart
沒起房子我日
8:25 Feudal Age
9:19 Double-Bit Axe
9:44 Horse Collar
19:46 Castle Age
18:10 Gold Mining
18:49 Scale Barding Armor
18:41 Loom
20:02 Wheelbarrow
20:11 Forging
20:12 Bloodlines
20:51 Bow Saw
22:07 Town Watch
24:32 Hand Cart
25:29 Chain Barding Armor
26:22 Iron Casting
27:04 Heavy Plow
31:14 Imperial Age
29:47 Gold Shaft Mining
29:03 Stone Mining
31:38 Cavalier
32:54 Plate Barding Armor
32:59 Paladin
34:53 Blast Furnace
35:48 Guilds
GAX | B.Trufa
6:51 Loom
8:58 Feudal Age
9:45 Double-Bit Axe
9:44 Horse Collar
15:48 Scale Barding Armor
20:49 Castle Age
19:34 Forging
20:41 Gold Mining
21:38 Wheelbarrow
22:00 Bloodlines
23:10 Chain Barding Armor
23:11 Husbandry
25:15 Town Watch
27:27 Iron Casting
29:15 Bow Saw
30:41 Heavy Plow
32:58 Stone Mining
35:18 Hand Cart
39:19 Fletching
42:43 Imperial Age
GAX | Soldado_Medeiros
6:22 Loom
8:51 Feudal Age
9:24 Double-Bit Axe
21:21 Castle Age
19:34 Forging
19:56 Scale Barding Armor
20:21 Bloodlines
20:53 Horse Collar
21:08 Gold Mining
22:28 Bow Saw
22:40 Chain Barding Armor
24:03 Husbandry
31:04 Wheelbarrow
30:16 Town Watch
31:39 Iron Casting
32:19 Pikeman
33:44 Scale Mail Armor
36:01 Squires
38:43 Imperial Age
38:05 Chain Mail Armor
38:55 Halberdier
40:37 Blast Furnace
GAX | Dattatreyaa
7:10 Loom
9:21 Feudal Age
9:53 Double-Bit Axe
17:09 Fletching
18:45 Padded Archer Armor
24:06 Castle Age
22:01 Gold Mining
24:27 Crossbowman
27:05 Wheelbarrow
26:41 Horse Collar
27:34 Bow Saw
28:19 Heavy Plow
28:37 Bodkin Arrow
29:32 Leather Archer Armor
30:24 Ballistics
30:52 Thumb Ring
36:23 Imperial Age
34:33 Stone Mining
34:55 Squires
35:20 Town Watch
36:25 Arbalester
37:10 Bracer
39:01 Chemistry
38:45 Hand Cart
39:33 Two-Man Saw
40:34 Ring Archer Armor
GAX | Urubu
6:45 Loom
9:24 Feudal Age
11:32 Double-Bit Axe
17:20 Fletching
28:02 Castle Age
26:36 Padded Archer Armor
26:22 Horse Collar
27:44 Gold Mining
28:46 Bodkin Arrow
31:14 Wheelbarrow
34:37 Bow Saw
Connection lost

Rejoining the realm…

Still unreachable

The connection could not be restored.

Session expired

The server has moved on; the page needs a fresh start.